 Dungeon Crawl Stone Soup version 0.27-a0-1308-gc08437e49b (webtiles) character file.

Game seed: 10842058475396995998

352 trckry the Shooter (level 6, 0/35 HPs)
             Began as a Deep Elf Arcane Marksman on June 19, 2021.
             Killed by nerve-wracking pain
             ... invoked by Menkaure
              (7 damage)
             ... on level 4 of the Dungeon.
             The game lasted 00:12:44 (4760 turns).

trckry the Shooter (Deep Elf Arcane Marksman)       Turns: 4760, Time: 00:12:45

Health: 0/35       AC:  4    Str:  9    XL:     6   Next: 35%
Magic:  9/11       EV: 12    Int: 18    God:
Gold:   99         SH:  0    Dex: 15    Spells: 3/9 levels left

rFire    . . .     SeeInvis .   a - +0 shortbow
rCold    . . .     Faith    .   (shield currently unavailable)
rNeg     . . .     Spirit   .   j - +0 leather armour
rPois    .         Reflect  .   (no helmet)
rElec    .         Harm     .   (no cloak)
rCorr    .         Rampage  .   (no gloves)
Will     .....                  k - +0 pair of boots
Stlth    +.........             (no amulet)
HPRegen  0.11/turn              (no ring)
MPRegen  0.12/turn              (no ring)

@: no status effects
A: no striking features
a: no special abilities


You were on level 4 of the Dungeon.
You visited 1 branch of the dungeon, and saw 4 of its levels.

You collected 99 gold pieces.

Inventory:

Hand Weapons
 a - a +0 shortbow (weapon)
 b - a +2 dagger of draining
 r - a +0 quarterstaff
Missiles
 t - a curare-tipped dart
Armour
 j - a +0 leather armour (worn)
 k - a +0 pair of boots (worn)
Jewellery
 p - a ring of resist corrosion
Scrolls
 e - a scroll of fog {unknown}
 f - 4 scrolls of identify {unknown}
 h - 2 scrolls of enchant armour {unknown}
 i - 2 scrolls of magic mapping {unknown}
 l - a scroll of teleportation {unknown}
 m - a scroll of vulnerability {unknown}
 q - a scroll of brand weapon {unknown}
 s - a scroll of holy word {unknown}
 u - a scroll of blinking {unknown}
 v - a scroll of enchant weapon {unknown}
Potions
 d - a potion of attraction {unknown}
 g - a potion of curing {unknown}
 n - a potion of heal wounds {unknown}
 o - a potion of flight {unknown}


   Skills:
 + Level 2.2 Fighting
 * Level 2.2 Staves
 * Level 5.7 Bows
 - Level 2.4 Dodging
 + Level 2.3 Spellcasting
 * Level 5.6 Hexes
 + Level 1.1 Translocations


You had 3 spell levels left.
You knew the following spells:

 Your Spells              Type           Power      Damage    Failure   Level
a - Corona                Hex            24%        N/A       2%          1
b - Slow                  Hex            22%        N/A       3%          2
c - Portal Projectile     Hex/Tloc       28%        N/A       19%         3

Your spell library contained the following spells:

 Spells                   Type           Power      Damage    Failure   Level
 Inner Flame              Hex/Fire       12%        N/A       24%         3
 Cause Fear               Hex            11%        N/A       24%         4
 Leda's Liquefaction      Hex/Erth       6%         N/A       61%         4


Dungeon Overview and Level Annotations

Branches:
Dungeon (4/15)
 Temple: D:4-7

Altars:
Elyvilon
Fedhas
Hepliaklqana
Nemelex Xobeh
Ru
Vehumet

Annotations:
D:4 Menkaure


Message History

The arrow hits Menkaure but does no damage.
Menkaure is lightly damaged.
Menkaure hits you!
* * * LOW HITPOINT WARNING * * *
You take 10 damage, and have 10/35 hp.
MASSIVE DAMAGE!!
Fire: 5 arrows
Press: ? - help, Q - select action, (/) - cycle Shift-Dir - straight line, f/p - Menkaure
Aim: Menkaure (lightly damaged, slow, 76% to hit)
You shoot an arrow.
The arrow hits Menkaure but does no damage.
Menkaure is lightly damaged.
Fire: 4 arrows
Press: ? - help, Q - select action, (/) - cycle Shift-Dir - straight line, f/p - Menkaure
Aim: Menkaure (lightly damaged, slow, 76% to hit)
You shoot an arrow.
The arrow hits Menkaure but does no damage.
Menkaure is lightly damaged.
Menkaure misses you.
Fire: 3 arrows
Press: ? - help, Q - select action, (/) - cycle Shift-Dir - straight line, f/p - Menkaure
Aim: Menkaure (lightly damaged, slow, 76% to hit)
You shoot an arrow. The arrow hits Menkaure.
Menkaure is moderately damaged.
Fire: 2 arrows
Press: ? - help, Q - select action, (/) - cycle Shift-Dir - straight line, f/p - Menkaure
Aim: Menkaure (moderately damaged, slow, 76% to hit)
You shoot an arrow. The arrow hits Menkaure.
Menkaure is heavily damaged.
Menkaure calls on the powers of darkness!
Your body is wracked with pain!
* * * LOW HITPOINT WARNING * * *
You take 4 damage, and have 7/35 hp.
Fire: arrow
Press: ? - help, Q - select action, (/) - cycle Shift-Dir - straight line, f/p - Menkaure
Aim: Menkaure (heavily damaged, slow, 76% to hit)
You shoot an arrow. The arrow hits Menkaure.
Menkaure is heavily damaged.
Menkaure gestures at you while chanting.
Pain shoots through your body!
You die...

#.# #.# #.
#<# #.#
#.##.# #.#
#.##.# #.##
#.##[# #..#
#.##)# ####
##.# #.##.#
... #.#
#....#.#
#.######.####
#......#
#.((M.@.....#
#.##.#.#
#.#########.#
#<##.#.....
#.# ##.##[#
#### #.#
......# #.#
......#
####.#
##.#####
#....#
#.....#
#....#
#####.#
####....###


You could see Menkaure (slow).

Vanquished Creatures
  Eustachio (D:4)
  Blork the orc (D:4)
  3 gnolls (D:2)
  3 adders
  2 worms
  4 dart slugs
  4 orcs (D:4)
  6 bats
  7 endoplasms
  3 goblins
  4 hobgoblins
  8 jackals
  6 kobolds
  4 quokkas
  10 ball pythons
  2 frilled lizards
  8 rats
76 creatures vanquished.

Vanquished Creatures (others)
  2 plants (D:2)
2 creatures vanquished.

Grand Total: 78 creatures vanquished

Notes
Turn   | Place    | Note
-------+----------+-------------------------------------------
     0 | D:1      | trckry the Deep Elf Arcane Marksman began the quest for the
                  | Orb.
     0 | D:1      | Reached XP level 1. HP: 11/11 MP: 5/5
   151 | D:1      | Reached skill level 1 in Fighting
   153 | D:1      | Reached XP level 2. HP: 9/16 MP: 6/6
   901 | D:1      | Reached XP level 3. HP: 16/18 MP: 7/7
  1737 | D:2      | Learned a level 2 spell: Slow
  1813 | D:2      | Found a radiant altar of Vehumet.
  2593 | D:2      | Reached XP level 4. HP: 20/25 MP: 8/8
  3475 | D:3      | Found a hazy altar of Hepliaklqana.
  3947 | D:3      | Learned a level 3 spell: Portal Projectile
  4194 | D:2      | Reached skill level 1 in Staves
  4194 | D:2      | Reached skill level 5 in Bows
  4194 | D:2      | Reached skill level 5 in Hexes
  4475 | D:4      | Noticed Eustachio
  4488 | D:4      | Killed Eustachio
  4489 | D:4      | Reached skill level 1 in Translocations
  4489 | D:4      | Reached XP level 5. HP: 30/30 MP: 8/10
  4489 | D:4      | Reached XP level 6. HP: 35/35 MP: 8/11
  4572 | D:4      | Found a blossoming altar of Fedhas.
  4573 | D:4      | Found a sacrificial altar of Ru.
  4576 | D:4      | Found a white marble altar of Elyvilon.
  4577 | D:4      | Found a sparkling altar of Nemelex Xobeh.
  4625 | D:4      | Noticed Blork the orc
  4634 | D:4      | Killed Blork the orc
  4744 | D:4      | Noticed Menkaure
  4760 | D:4      | Killed from afar by Menkaure

Illustrated notes

Levels and vault maps discovered:
D:1:      zelgadis_glass_arrival_small, layout_basic, minmay_door_square,
          hangedman_decor_push
D:2:      layout_loops_ring, basic_altar, minmay_misc_feat_tower,
          serial_bayou_pond_d, minivault_26
D:3:      layout_loops_ring, lemuel_crystal_altar, corexii_corridor_pit,
          minmay_misc_feat_hallway, corexii_item_surrounded_by_moat,
          wander_ebering_terrifying_dragon_lair
D:4:      layout_loops_ring, minitemple, portal_sewer_entry_e,
          nicolae_wooded_promenade, minivault_5, uniq_blork_the_orc,
          uniq_crazy_yiuf_cottage, uniq_eustachio, uniq_menkaure

Skill      XL: |  1  2  3  4  5  6 |
---------------+-------------------+-----
Bows           | 3 4 5 |  5.7
Fighting       | 1 2 |  2.2
Staves         | 1 2 |  2.2
Hexes          | 5 |  5.6
Spellcasting   | 2 |  2.3
Translocations | 1 |  1.1
Dodging        | |  2.4

Action                   |  1- 3 |  4- 6 || total
-------------------------+-------+-------++-------
Melee: Short sword       |     5 |       ||     5
       Dagger            |    84 |    57 ||   141
 Fire: Shortbow          |    76 |    71 ||   147
Throw: Dart              |       |     3 ||     3
 Cast: Corona            |     1 |     1 ||     2
       Slow              |       |     1 ||     1
 Stab: Sleeping          |       |     1 ||     1
Armor: Robe              |    22 |    15 ||    37
Dodge: Dodged            |    78 |    51 ||   129

Table legend: (Time is in decaauts)
 A = Elapsed time spent in this place.
 B = Non-inter-level travel time spent in this place.
 C = Inter-level travel time spent in this place.
 D = Time resting spent in this place.
 E = Time spent auto-exploring this place.
 F = Levels seen in this place.
 G = Mean time per level.
                   A        B        C        D        E       F      G
               +--------+--------+--------+--------+--------+-----+--------+
         Total |   4766 |   4602 |    164 |    430 |   3241 |   4 | 1191.5 |
       Dungeon |   4766 |   4602 |    164 |    430 |   3241 |   4 | 1191.5 |
               +--------+--------+--------+--------+--------+-----+--------+

Top non-repeatable levels by time:
     D:1: 1971 daAuts
     D:2: 1680 daAuts
     D:3: 831 daAuts
     D:4: 283 daAuts
